 Dungeon Crawl Stone Soup version 0.32-a0-163-g159c032296 (webtiles) character file.

Game seed: 15714254584425357900

1787 ragingrage the Magician (level 9, -2/62 HPs)
             Began as a Djinni Artificer on Feb 12, 2024.
             Was an Initiate of Gozag.
             Slain by a gnoll sergeant
             ... wielding a +0 trident
              (11 damage)
             ... on level 6 of the Dungeon.
             The game lasted 00:11:57 (6853 turns).

ragingrage the Magician (Djinni Artificer)          Turns: 6853, Time: 00:11:58

Health: -2/62      AC:  3    Str: 11    XL:     9   Next: 29%
Gold:   216        EV: 13    Int: 19    God:    Gozag SH:  0 Dex: 15

rFire   + + .        a - +8 flail of Stickiness {venom, Int+3}
rCold   . . .        (no shield)
rNeg    . . .        h - +0 leather armour
rPois   ∞            (no helmet)
rElec   .            (no cloak)
rCorr   .            (no gloves)
SInv    .            (boots unavailable)
Will    .....        (no amulet)
Stlth   ++           f - ring of protection from cold
HPRegen 0.30/turn    s - ring of wizardry
MPRegen 0.00/turn

%: wizardry (x1), infuse magic (-3 HP)
@: flying
A: sickness immunity, fire resistance 2, cold vulnerability 1, float, innate
caster, HP casting, extra vitality 1
a: Renounce Religion, Potion Petition, Call Merchant, Bribe Branch


You were on level 6 of the Dungeon.
You worshipped Gozag.
Gozag was aware of your devotion.
You visited 1 branch of the dungeon, and saw 6 of its levels.
You also visited: Ossuary.

You collected 456 gold pieces.
You spent 103 gold pieces at shops.
You paid 137 gold pieces to Gozag.

Inventory:

Hand Weapons
 a - the +8 flail of Stickiness (weapon) {venom, Int+3}
   (You found it on level 4 of the Dungeon)

   Int+3:     It affects your intelligence (+3).
 b - the +3 sling of Virtue {freeze, rC+ Will+}
   (You found it on level 4 of the Dungeon)

   rC+:       It protects you from cold.
   Will+:     It increases your willpower.
Missiles
 u - 10 poisoned darts
Armour
 h - a +0 leather armour (worn)
 o - the +1 leather armour of the Wilderness {Harm ^Drain rF+ Will+}
   (You found it on level 3 of the Dungeon)

   rF+:       It protects you from fire.
   Will+:     It increases your willpower.
   ^Drain:    It drains your maximum health when unequipped.
   Harm:      It increases damage dealt and taken.
Jewellery
 f - a ring of protection from cold (left hand)
 m - a ring of fire
 s - a ring of wizardry (right hand)
Wands
 c - a wand of flame (52) (quivered)
 d - a wand of charming (13)
 e - a wand of iceblast (5)
Scrolls
 g - a scroll of immolation {unknown}
 i - 4 scrolls of teleportation
 n - a scroll of blinking {unknown}
 q - a scroll of fog
 r - a scroll of revelation {unknown}
 v - a scroll of torment {unknown}
 w - a scroll of fear {unknown}
 x - a scroll of enchant weapon
 y - a scroll of enchant armour {unknown}
 C - a scroll of identify
 D - a scroll of butterflies {unknown}
Potions
 j - 2 potions of lignification
 k - 3 potions of heal wounds
 l - 3 potions of brilliance
 p - a potion of degeneration {unknown}
 t - 2 potions of enlightenment
 z - 4 potions of mutation {unknown}
 A - 2 potions of curing {unknown}
 B - a potion of cancellation {unknown}


   Skills:
 - Level 4.0 Fighting
 - Level 1.0 Armour
 + Level 4.5 Dodging
 - Level 2.0 Stealth
 + Level 7.5 Spellcasting
 + Level 7.5 Conjurations
 + Level 7.5 Hexes
   Level 0.0 Charms
 + Level 7.5 Summonings
 + Level 7.5 Necromancy
 + Level 7.5 Translocations
   Level 0.0 Transmutations
 + Level 7.5 Fire Magic
 + Level 7.5 Ice Magic
 + Level 7.5 Air Magic
 + Level 7.5 Earth Magic
 + Level 7.5 Alchemy
 - Level 3.0 Evocations


You knew the following spells:

 Your Spells              Type           Power      Damage    Failure   Level
a - Sting                 Conj/Alch      100%       1d9       1%          1
b - Momentum Strike       Conj/Tloc      70%        3d9       1%          2
c - Blink                 Tloc           70%        N/A       1%          2
d - Leda's Liquefaction   Alch/Erth      17%        N/A       2%          4
Your spell library was empty.

Dungeon Overview and Level Annotations

Branches:
Dungeon (6/15)             Temple (0/1) D:6         Ossuary (visited)

Altars:
Gozag
Trog
Xom
Zin

Shops:
D:1 :(**

Annotations:
D:5 2 transporters


Innate Abilities, Weirdness & Mutations

You are immune to sickness and miasma.
You are immune to poison.
Your flesh is very heat resistant. (rF++)
You are vulnerable to cold. (rC-)
You float through the air rather than walking.
You learn spells naturally, not from books.
Your magical power is your life essence.
You have superior vitality. (+4 MHP)


Message History

Casting: Sting (safe; 1% risk of failure)
Aiming: Sting (safe; 1% risk of failure)
Press: ? - help, Shift-Dir - straight line, f/p - gnoll
Aim: a gnoll, wielding a +2 spear of venom (severely wounded, poisoned, 81% to hit)
The sting hits the gnoll.
The gnoll looks even sicker.
The gnoll barely misses you.
You kill the gnoll!
The gnoll sergeant looks more healthy.
The gnoll sergeant attacks as it pursues you!
The gnoll sergeant misses you.
The gnoll sergeant attacks as it pursues you!
The gnoll sergeant hits you from afar with a +0 trident!
The gnoll sergeant attacks as it pursues you!
The gnoll sergeant hits you from afar with a +0 trident!
* * * LOW HITPOINT WARNING * * *
Casting: Sting (safe; 1% risk of failure)
Aiming: Sting (safe; 1% risk of failure)
Press: ? - help, Shift-Dir - straight line, f - gnoll sergeant
Aim: a gnoll sergeant, wielding a +0 trident, wearing a +0 scale mail and wearing a +0 buckler (heavily wounded, 84% to hit)
The gnoll sergeant blocks the sting.
* * * LOW HITPOINT WARNING * * *
The gnoll sergeant barely misses you.
Casting: Sting (safe; 1% risk of failure)
Aiming: Sting (safe; 1% risk of failure)
Press: ? - help, Shift-Dir - straight line, f/p - gnoll sergeant
Aim: a gnoll sergeant, wielding a +0 trident, wearing a +0 scale mail and wearing a +0 buckler (heavily wounded, 84% to hit)
The sting hits the gnoll sergeant.
The gnoll sergeant is poisoned.
* * * LOW HITPOINT WARNING * * *
The gnoll sergeant hits you from afar with a +0 trident.
* * * LOW HITPOINT WARNING * * *
Casting: Sting (safe; 1% risk of failure)
Aiming: Sting (safe; 1% risk of failure)
Press: ? - help, Shift-Dir - straight line, f/p - gnoll sergeant
Aim: a gnoll sergeant, wielding a +0 trident, wearing a +0 scale mail and wearing a +0 buckler (heavily wounded, poisoned, 84% to hit)
The sting hits the gnoll sergeant but does no damage.
The gnoll sergeant looks even sicker.
* * * LOW HITPOINT WARNING * * *
The gnoll sergeant hits you from afar with a +0 trident!
You die...
Your body crumbles into a pile of gold.

.. #.# ############# #.#
#..gg.@.....######.###
#######.#########...<.......
#..g.g..# ########.###
#.####### ###########.####
#.# #..g..g.........
#.############.#########.####
#.$..gg.........# #..f.f
##############..#############
#...............#


You could see a gnoll sergeant (very poisoned) and a gnoll.

Vanquished Creatures
  A wyvern (D:5)
  A water moccasin (D:6)
  A sky beast (D:4)
  2 ice beasts (D:5)
  A black bear (D:4)
  A weeping skull (Ossuary)
  2 elf zombies (Ossuary)
  Blork the orc (D:5)
  2 scorpions (D:4)
  A burial acolyte (Ossuary)
  2 centaur zombies (Ossuary)
  4 jellies
  3 bombardier beetles
  3 orc priests (D:5)
  Jessica (D:2)
  A sleepcap (D:6)
  3 orc wizards
  Ijyb (D:4)
  4 hound zombies (Ossuary)
  2 mummies (Ossuary)
  A gnoll (D:6)
  5 adders
  A white imp (D:5)
  4 dart slugs
  9 orcs
  4 ball pythons
  3 endoplasms (D:1)
  2 giant cockroaches
  A gnoll zombie (Ossuary)
  6 goblins
  12 hobgoblins
  8 bats
  A frilled lizard (D:3)
  7 kobolds
  4 orc zombies (Ossuary)
  2 quokka zombies (D:5)
  A rat (D:1)
108 creatures vanquished.

Vanquished Creatures (collateral kills)
  A ribbon worm (D:2)
1 creature vanquished.

Vanquished Creatures (others)
  A burial acolyte (Ossuary)
1 creature vanquished.

Grand Total: 110 creatures vanquished

Notes
Turn   | Place    | Note
-------+----------+-------------------------------------------
     0 | D:1      | ragingrage the Djinni Artificer began the quest for the
                  | Orb.
     0 | D:1      | Reached XP level 1. HP: 17/17 MP: 0/0
    15 | D:1      | Reached skill level 1 in Stealth
    26 | D:1      | Found Fony Otu's Book Boutique.
    34 | D:1      | Found Wiasukuh's Weapon Shoppe.
   101 | D:1      | Reached XP level 2. HP: 2/22 MP: 0/0
   580 | D:1      | Found Zuotenub's General Store.
   580 | D:1      | Found Beghukik's Jewellery Shoppe.
   583 | D:1      | Found Rotipn's General Store.
   594 | D:1      | Reached XP level 3. HP: 25/28 MP: 0/0
   594 | D:1      | Learned a level 1 spell: Sting
   838 | D:1      | Bought a scroll of teleportation for 33 gold pieces
   961 | D:2      | Noticed Jessica
  1049 | D:2      | Killed Jessica
  1050 | D:2      | Reached XP level 4. HP: 35/35 MP: 0/0
  1273 | D:1      | Bought a potion of heal wounds for 70 gold pieces
  1635 | D:2      | HP: 1/35 [ribbon worm (4)]
  2117 | D:3      | Found a shimmering altar of Xom.
  2119 | D:3      | Identified the +1 leather armour of the Wilderness {Harm
                  | ^Drain rF+ Will+}
  2129 | D:3      | Found a shimmering altar of Xom.
  2740 | D:3      | Reached skill level 1 in Spellcasting
  2740 | D:3      | Reached skill level 1 in Conjurations
  2740 | D:3      | Reached skill level 1 in Hexes
  2740 | D:3      | Reached skill level 1 in Summonings
  2740 | D:3      | Reached skill level 1 in Necromancy
  2740 | D:3      | Reached skill level 1 in Translocations
  2740 | D:3      | Reached skill level 1 in Fire Magic
  2740 | D:3      | Reached skill level 1 in Ice Magic
  2740 | D:3      | Reached skill level 1 in Air Magic
  2740 | D:3      | Reached skill level 1 in Earth Magic
  2740 | D:3      | Reached skill level 1 in Alchemy
  3101 | D:3      | Reached XP level 5. HP: 40/40 MP: 0/0
  3101 | D:3      | Learned a level 2 spell: Momentum Strike
  3430 | D:4      | Noticed a black bear
  3584 | D:4      | Identified the +8 flail of Stickiness {venom, Int+3}
  3594 | D:4      | Killed a black bear
  3595 | D:4      | Reached XP level 6. HP: 21/46 MP: 0/0
  3713 | D:4      | Identified the +3 sling of Virtue {freeze, rC+ Will+}
  3771 | D:4      | Noticed a sky beast
  3782 | D:4      | Killed a sky beast
  3797 | D:4      | Reached XP level 7. HP: 33/50 MP: 0/0
  3797 | D:4      | Learned a level 2 spell: Blink
  3868 | D:4      | Noticed Ijyb
  3880 | D:4      | Killed Ijyb
  4291 | D:4      | Found an opulent altar of Gozag.
  4365 | D:4      | Found a glowing silver altar of Zin.
  4585 | D:5      | Entered Level 5 of the Dungeon
  4585 | D:5      | Found a transporter.
  4599 | D:5      | Noticed a wyvern
  4772 | D:5      | Found a sand-covered staircase.
  4779 | Ossuary  | Entered an ossuary
  4803 | Ossuary  | Reached skill level 5 in Spellcasting
  4803 | Ossuary  | Reached skill level 5 in Conjurations
  4803 | Ossuary  | Reached skill level 5 in Hexes
  4803 | Ossuary  | Reached skill level 5 in Summonings
  4803 | Ossuary  | Reached skill level 5 in Necromancy
  4803 | Ossuary  | Reached skill level 5 in Translocations
  4803 | Ossuary  | Reached skill level 5 in Fire Magic
  4803 | Ossuary  | Reached skill level 5 in Ice Magic
  4803 | Ossuary  | Reached skill level 5 in Air Magic
  4803 | Ossuary  | Reached skill level 5 in Earth Magic
  4803 | Ossuary  | Reached skill level 5 in Alchemy
  4887 | Ossuary  | Reached XP level 8. HP: 39/58 MP: 0/0
  5533 | D:4      | Became a worshipper of Gozag Ym Sagoz the Greedy
  5590 | D:5      | Killed a wyvern
  6040 | D:5      | Found a transporter.
  6083 | D:5      | Found a bloodstained altar of Trog.
  6195 | D:5      | Reached XP level 9. HP: 58/62 MP: 0/0
  6195 | D:5      | Learned a level 4 spell: Leda's Liquefaction
  6304 | D:5      | Noticed Blork the orc
  6311 | D:5      | Killed Blork the orc
  6785 | D:6      | Found a staircase to the Ecumenical Temple.
  6853 | D:6      | Slain by a gnoll sergeant

Illustrated notes

Levels and vault maps discovered:
D:1:      minmay_arrival_four_loops, layout_loops_ring, serial_shops, shop,
          shop, nicolae_shop_temple_entry_statues_fountains, shop, shop,
          lemuel_flame_loot_1
D:2:      layout_basic, nicolae_kite_square_tiling_tiny, uniq_jessica
D:3:      layout_basic, xom_redecorated, serial_rivers,
          chequers_serial_rivers_micro_b, chequers_serial_rivers_micro_e,
          chequers_serial_rivers_small_b, chequers_serial_rivers_micro_c,
          chequers_serial_rivers_micro_a, chequers_serial_rivers_micro_b
D:4:      layout_basic, zin_treasury, lemuel_tele_altar, uniq_ijyb
D:5:      gammafunk_steamed_eel, layout_basic, mainiacjoe_overflow_boulevard,
          enter_ossuary_4, uniq_blork_the_orc
D:6:      layout_loops_ring, mainiacjoe_overflow_alcove_1, marbit_many_paths,
          minmay_temple_entry_statues_fountains, small_statue_alley_b

Skill      XL: |  1  2  3  4  5  6  7  8  9 |
---------------+----------------------------+-----
Stealth        | 1 2 |  2.0
Fighting       | 3 4 |  4.0
Spellcasting   | 1 3 4 5 7 |  7.5
Conjurations   | 1 3 4 5 7 |  7.5
Hexes          | 1 3 4 5 7 |  7.5
Summonings     | 1 3 4 5 7 |  7.5
Necromancy     | 1 3 4 5 7 |  7.5
Translocations | 1 3 4 5 7 |  7.5
Fire Magic     | 1 3 4 5 7 |  7.5
Ice Magic      | 1 3 4 5 7 |  7.5
Air Magic      | 1 3 4 5 7 |  7.5
Earth Magic    | 1 3 4 5 7 |  7.5
Alchemy        | 1 3 4 5 7 |  7.5
Dodging        | 4 |  4.5
Armour         | |  1.0
Evocations     | |  3.0

Action                     |  1- 3 |  4- 6 |  7- 9 || total
---------------------------+-------+-------+-------++-------
  Melee: Dagger            |    95 |     1 |       ||    96
         Club              |     1 |       |       ||     1
         Punch             |     2 |       |       ||     2
         Flail             |       |     1 |    94 ||    95
   Fire: Sling             |    40 |    78 |    37 ||   155
   Cast: Sting             |       |    42 |    76 ||   118
         Momentum Strike   |       |     4 |     6 ||    10
  Evoke: Wand              |     3 |     2 |     1 ||     6
    Use: Scroll            |       |     1 |     4 ||     5
   Stab: Sleeping          |     2 |       |     1 ||     3
 Armour: Leather armour    |    76 |    59 |   102 ||   237
  Dodge: Dodged            |    85 |    54 |    91 ||   230

Table legend: (Time is in decaauts)
 A = Elapsed time spent in this place.
 B = Non-inter-level travel time spent in this place.
 C = Inter-level travel time spent in this place.
 D = Time resting spent in this place.
 E = Time spent auto-exploring this place.
 F = Levels seen in this place.
 G = Mean time per level.
                   A        B        C        D        E       F      G
               +--------+--------+--------+--------+--------+-----+--------+
         Total |   6959 |   6268 |    691 |   1641 |   3211 |   7 |  994.1 |
       Dungeon |   6306 |   5615 |    691 |   1493 |   2890 |   6 | 1051.0 |
       Ossuary |    652 |    652 |      0 |    148 |    321 |   1 |  652.0 |
               +--------+--------+--------+--------+--------+-----+--------+

Top non-repeatable levels by time:
     D:4: 1511 daAuts
     D:1: 1284 daAuts
     D:3: 1143 daAuts
     D:2: 1064 daAuts
     D:5: 1050 daAuts
 Ossuary: 652 daAuts
     D:6: 251 daAuts
